 Dungeon Crawl Stone Soup version 0.31.0-11-ge490571c62 (webtiles) character file.

Game seed: 5861361643023082469

714 browni3141 the Grave Robber (level 7, -3/56 HPs)
             Began as a Barachi Monk on Feb 1, 2024.
             Slain by a black bear (11 damage)
             ... on level 7 of the Dungeon.
             The game lasted 00:07:57 (1222 turns).

browni3141 the Grave Robber (Barachi Monk)          Turns: 1222, Time: 00:07:58

Health: -3/56      AC:  4    Str: 18    XL:     7   Next: 69%
Magic:  10/10      EV: 13    Int: 13    God:
Gold:   162        SH:  0    Dex: 14    Spells: 10/10 levels left

rFire   . . .        f - +1 long sword (holy)
rCold   . . .        d - orb {light}
rNeg    . . .        b - +0 robe
rPois   .            (no helmet)
rElec   .            (no cloak)
rCorr   .            n - +0 pair of gloves
SInv    .            q - +0 pair of boots
Will    .....        k - amulet of the acrobat
Stlth   +            l - +6 ring of strength
HPRegen 0.29/turn    (no ring)
MPRegen 0.12/turn

%: acrobat
@: unable to hop, glowing, slow
A: amphibious, slowness 1, strong legs 1, +LOS
a: Hop


You were on level 7 of the Dungeon.
You visited 1 branch of the dungeon, and saw 7 of its levels.

You collected 162 gold pieces.

Inventory:

Hand Weapons
 a - a +0 falchion
 f - a +1 long sword of holy wrath (weapon)
Armour
 b - a +0 robe (worn)
 d - an orb of light (worn)
 n - a +0 pair of gloves (worn)
 q - a +0 pair of boots (worn)
Jewellery
 k - an amulet of the acrobat (around neck)
 l - a +6 ring of strength (left hand)
Scrolls
 g - 2 scrolls of enchant armour {unknown}
 h - a scroll of vulnerability {unknown}
 i - a scroll of blinking
 j - a scroll of teleportation
 m - a scroll of immolation {unknown}
 p - 2 scrolls of revelation {unknown}
 r - 2 scrolls of poison {unknown}
 u - a scroll of identify {unknown}
Potions
 e - 3 potions of attraction {unknown}
 o - a potion of resistance {unknown}
 s - a potion of berserk rage {unknown}
 t - a potion of magic {unknown}


   Skills:
 - Level 5.0 Fighting
 - Level 5.0 Long Blades
 - Level 4.5 Dodging
 - Level 2.0 Spellcasting
 * Level 5.3 Necromancy


You had 10 spell levels left.
You didn't know any spells.
Your spell library was empty.

Dungeon Overview and Level Annotations

Branches:
Dungeon (7/15)
 Temple: D:4-7

Altars:
Cheibriados
Dithmenos
Fedhas
Trog
Xom
Zin

Annotations:
D:7 1 runed translucent door, Rem's ghost, novice HOFi


Innate Abilities, Weirdness & Mutations

You are amphibious.
You cover ground slowly.
You can hop short distances.
You have an extended range of vision and can be seen from far away.


Message History

This square is lit by a halo.
Found a stone staircase leading down.
There is a stone staircase leading down here.
You climb downwards.
The orc warrior shouts!
The orc wizard shouts!
The orc shouts!
There is a stone staircase leading up here.
The orc wizard mumbles some strange words.
The orc wizard flickers and vanishes!
You are confused.
You see here a scroll labelled YSIFIN QERPH.
u - a scroll labelled YSIFIN QERPH You bump into the rock wall.
You are ready to hop once more.
The orc warrior attacks as it pursues you!
The orc warrior closely misses you.
You feel less confused.
The orc warrior attacks as it pursues you!
The orc warrior misses you. The orc warrior completely misses you.
Okay, then.
Hop to where?
Press: ? - help, Dir - move target An ogre and a steam dragon come into view.
Boing!
The ogre shouts!
The steam dragon hisses angrily.
As you read the scroll of teleportation, it crumbles to dust.
You feel strangely unstable. The steam dragon breathes steam at you.
The ball of steam misses you.
Your surroundings suddenly seem different.
A hound comes into view.
Found 4 stones.
Found a stone staircase leading down.
The hound barks!
The hound moves out of view.
Found a stone staircase leading down.
The hound completely misses you.
You hit the hound.
The hound is moderately wounded.
The hound bites you. The hound barely misses you.
You barely miss the hound.
The hound is moderately wounded.
The hound closely misses you.
The hound pauses to sniff the ground.
The hound bites you.
You slash the hound!
The hound is almost dead.
The hound completely misses you.
The hound stops to sniff the ground.
The hound closely misses you.
You hit the hound but do no damage.
The hound is almost dead.
The hound closely misses you.
You hit the hound.
You kill the hound!
No target in view!
Found a runed falchion.
Found a runed translucent door.
Rem's ghost turns its malevolent gaze towards you.
A black bear comes into view.
The black bear growls angrily.
You see here 15 gold pieces.
You now have 162 gold pieces (gained 15).
You hit the black bear but do no damage.
The black bear barely misses you. The black bear claws you. x2
You hit the black bear but do no damage.
The black bear bites you. The black bear barely misses you.
The black bear claws you. The black bear bites you.
The black bear closely misses you.
The black bear claws you but does no damage.
You slash the black bear!
The black bear is moderately wounded.
The black bear misses you. The black bear closely misses you. x2
You slash the black bear!
The black bear is heavily wounded.
The black bear bites you. The black bear claws you.
The black bear claws you but does no damage.
You hit the black bear but do no damage.
The black bear is heavily wounded.
The black bear bites you!
The black bear claws you but does no damage.
The black bear barely misses you.
You hit the black bear.
The black bear is severely wounded.
The black bear bites you. The black bear closely misses you.
The black bear claws you.
You completely miss the black bear.
The black bear is severely wounded.
The black bear misses you. The black bear closely misses you.
The black bear claws you but does no damage.
You hit the black bear.
The black bear is severely wounded.
The black bear closely misses you. The black bear claws you.
The black bear misses you.
You hit the black bear.
The black bear is almost dead.
The black bear goes berserk!
You hit the black bear.
The black bear is almost dead.
The black bear bites you! The black bear claws you.
The black bear claws you but does no damage.
The black bear bites you!
You die...

##### ....# ..#.# #### ##
..#.## #...#... +##..##
##.)...... ~W#...#
#......... ~.#...####
####.........
~.###....####...@..........
~.# #...........#h.........
).#
#........#####...#...#.#
#####...(..### ...##. ##..
.....##.#...###...
.#..####.#####
......#.#.......# .#
#)......<.# ###.........###
# #.........# ..#....†...>#
#.........# .......##...#
#..)....†.#


You could see a black bear (berserk).

Vanquished Creatures
  A water moccasin (D:6)
  A sky beast (D:6)
  A phantom (D:6)
  A bullfrog (D:6)
  A scorpion (D:5)
  An orc priest (D:5)
  A hound (D:7)
  A bombardier beetle (D:7)
  A jelly (D:4)
  3 iguanas (D:5)
  2 orc wizards (D:6)
  An adder (D:2)
  4 white imps
  A dart slug (D:5)
  12 orcs
  2 ball pythons
  3 bats
  An endoplasm (D:1)
  A goblin (D:4)
  A quokka (D:2)
  2 kobolds
  A rat (D:3)
43 creatures vanquished.

Notes
Turn   | Place    | Note
-------+----------+-------------------------------------------
     0 | D:1      | browni3141 the Barachi Monk began the quest for the Orb.
     0 | D:1      | Reached XP level 1. HP: 18/18 MP: 1/1
    89 | D:2      | Reached XP level 2. HP: 8/25 MP: 2/2
   159 | D:3      | Reached XP level 3. HP: 17/30 MP: 3/3
   189 | D:4      | Found a blossoming altar of Fedhas.
   196 | D:4      | Found a shimmering altar of Xom.
   196 | D:4      | Found a bloodstained altar of Trog.
   208 | D:4      | Found a glowing silver altar of Zin.
   208 | D:4      | Found a shadowy altar of Dithmenos.
   257 | D:5      | Entered Level 5 of the Dungeon
   278 | D:4      | Reached XP level 4. HP: 30/38 MP: 4/4
   536 | D:5      | Noticed a scorpion
   544 | D:5      | Killed a scorpion
   545 | D:5      | Reached XP level 5. HP: 37/43 MP: 5/5
   586 | D:5      | Reached skill level 5 in Fighting
   586 | D:5      | Reached skill level 5 in Long Blades
   664 | D:7      | Reached skill level 1 in Spellcasting
   676 | D:6      | Noticed a water moccasin
   692 | D:6      | Killed a water moccasin
   693 | D:6      | Reached XP level 6. HP: 9/51 MP: 7/9
   694 | D:6      | HP: 2/51 [white imp (4)]
   744 | D:5      | Reached XP level 7. HP: 11/56 MP: 10/10
   753 | D:5      | HP: 2/56 [orc wizard/puff of flame (3)]
   793 | D:5      | HP: 2/56 [iguana (11)]
   911 | D:5      | Found a snail-covered altar of Cheibriados.
   996 | D:6      | Reached skill level 5 in Necromancy
  1132 | D:7      | Noticed a steam dragon
  1193 | D:7      | Found a runed translucent door.
  1193 | D:7      | Noticed Rem's ghost (novice HOFi)
  1222 | D:7      | Slain by a black bear

Illustrated notes

Levels and vault maps discovered:
D:1:      ncdulo_smallfort, layout_basic
D:2:      layout_loops_ring, shapermc_ecumenical_altar_mp_ritualfount,
          minmay_tromino_v4_c, uniq_robin
D:3:      layout_loops_ring
D:4:      layout_basic, minmay_overflow_temple_star_hex, serial_shops,
          nicolae_shop_tiny_statue_garden
D:5:      layout_basic, mainiacjoe_overflow_alcove_4,
          mainiacjoe_overflow_boulevard, kennysheep_generic_room_5
D:6:      layout_loops_ring, serial_shops, shop
D:7:      layout_rooms, nicolae_overflow_hidden_temple,
          minmay_temple_entry_mini_moons, ebering_ghost_reflecting_pool,
          chequers_serial_rivers_room_b

Skill      XL: |  1  2  3  4  5  6  7 |
---------------+----------------------+-----
Fighting       | 4 5 |  5.0
Long Blades    | 4 5 |  5.0
Dodging        | 4 |  4.5
Spellcasting   | 2 |  2.0
Necromancy     | 2 3 5 |  5.3

Action                     |  1- 3 |  4- 6 |  7- 9 || total
---------------------------+-------+-------+-------++-------
  Melee: Long sword        |    33 |    45 |    70 ||   148
         Falchion          |     4 |       |       ||     4
Ability: Hop               |       |     2 |     2 ||     4
    Use: Potion            |       |     1 |       ||     1
         Scroll            |       |       |     3 ||     3
 Armour: Robe              |    23 |    29 |    52 ||   104
  Dodge: Dodged            |    34 |    32 |    52 ||   118
